 Dungeon Crawl Stone Soup version 0.25-a0-549-g6e6e6501ad (webtiles) character file.

Game seed: 12233310078836468807, levelgen mode: deterministic

10 Nixze the Scratcher (level 2, -1/12 HPs)
             Began as a Felid Transmuter on Feb 23, 2020.
             Slain by a jackal (3 damage)
             ... on level 1 of the Dungeon.
             The game lasted 00:01:05 (177 turns).

Nixze the Scratcher (Felid Transmuter)               Turns: 177, Time: 00:01:06

Health: -1/12      AC:  1    Str:  6    XL:     2   Next: 10%
Magic:  5/6        EV: 18    Int: 14    God:
Gold:   0          SH:  0    Dex: 16    Spells: 4/5 levels left
                                        Lives:  0   Deaths: 0

rFire    . . .     SeeInvis +     - Unarmed
rCold    . . .     Gourm    .   (shield unavailable)
rNeg     . . .     Faith    .   (armour unavailable)
rPois    .         Spirit   .   (helmet unavailable)
rElec    .         Reflect  .   (cloak unavailable)
rCorr    .         Harm     .   (gloves unavailable)
MR       .....                  (boots unavailable)
Stlth    ++........             (no amulet)
HPRegen  0.04/turn              (no ring)
MPRegen  0.10/turn              (no ring)

@: appendage (expiring), quick
A: very small, no armour, no weapons or thrown items, stealth, claws 1, fangs 3,
horns 2, see invisible, carnivore, speed 1, shaggy fur 1, slow metabolism 1,
sharp paws
a: End Transformation


You were on level 1 of the Dungeon.
You were full.
You had grown temporary horns.
You visited 1 branch of the dungeon, and saw 1 of its levels.

Inventory:

Missiles
 a - 12 arrows
Comestibles
 c - 2 rations


   Skills:
 + Level 1.2 Fighting
 + Level 2.9 Dodging
 + Level 3.1 Unarmed Combat
 + Level 2.1 Spellcasting
 + Level 2.4 Transmutations


You had 4 spell levels left.
You knew the following spells:

 Your Spells              Type           Power        Failure   Level  Hunger
a - Beastly Appendage     Tmut           #.....       9%          1    #......

Your spell library contained the following spells:

 Spells                   Type           Power        Failure   Level  Hunger
 Sticks to Snakes         Tmut           #.......     13%         2    ###....
 Spider Form              Tmut/Pois      #.........   41%         3    ###....
 Ice Form                 Ice/Tmut       #.......     82%         4    #####..
 Blade Hands              Tmut           #.........   94%         5    ######.


Dungeon Overview and Level Annotations

Branches:
Dungeon (1/15)

Altars:


Innate Abilities, Weirdness & Mutations

You cannot wear armour.
You are incapable of wielding weapons or throwing items.
Your paws allow you to move quietly. (Stealth)
You have sharp claws.
You have razor-sharp teeth.
You have supernaturally acute eyesight. (SInv)
You are carnivorous and can eat meat at any time.
You cover ground quickly.
You are covered in fur. (AC +1)
You have a slow metabolism.
Your sharp claws are effective at attacking unaware monsters.
You have a pair of horns on your head.


Message History

The jackal is moderately wounded.
The jackal misses you.
You completely miss the jackal. You headbutt the jackal.
You bite the jackal, but do no damage.
The jackal is severely wounded.
The jackal misses you.
You scratch the jackal.
You kill the jackal!
You scratch the jackal. You bite the jackal, but do no damage.
The jackal is moderately wounded.
The jackal bites you.
* * * LOW HITPOINT WARNING * * *
The jackal misses you.
You scratch the jackal but do no damage.
You headbutt the jackal, but do no damage.
You bite the jackal.
The jackal is severely wounded.
Your transformation is almost over.
The jackal bites you.
You die...

############### #.#.###
≈≈≈≈PPP.P.≈...###.#.....
≈P≈≈≈P≈P..≈...#.÷.......
≈≈≈≈≈≈P≈≈≈≈≈≈.#..##.#.##
≈≈≈≈≈≈≈≈≈≈..≈.'..#
≈≈≈≈≈≈≈≈≈.....'..#
≈≈≈..≈≈≈..≈...#..#
.≈.##.≈.###...##.#
P.####.## ######@# ###
### #h# ......hh.....#
#..........l.).
####....##.h... #..###
...#. #.. ...> #.. .#.
#.. ..


You could see 3 jackals.

Vanquished Creatures
  A dart slug (D:1)
  A goblin (D:1)
  4 jackals (D:1)
  A frilled lizard (D:1)
7 creatures vanquished.

Notes
Turn   | Place    | Note
-------+----------+-------------------------------------------
     0 | D:1      | Nixze the Felid Transmuter began the quest for the Orb.
     0 | D:1      | Reached XP level 1. HP: 9/9 MP: 4/4
   165 | D:1      | Reached XP level 2. HP: 4/12 MP: 6/6
   177 | D:1      | Slain by a jackal

Levels and vault maps discovered:
D:1:      lightli_arrival_windingriver, layout_loops_ring, minivault_19,
          st_stairs_14

Action                   || total
-------------------------++-------
Melee: Unarmed           ||    32
       Bite              ||     5
       Headbutt          ||     3
       Punch             ||     1
 Cast: Beastly Appendage ||     4
  Eat: Chunk             ||     3
Dodge: Dodged            ||    28

Table legend:
 A = Non-vault XP
 B = Vault XP
 C = Vault XP percentage of total XP
 D = Non-vault monster count
 E = Vault monster count
 F = Vault count percentage of total count
                 A         B        C        D         E       F
            +---------+---------+-------+---------+---------+-------
      Total |      14 |       1 |   6.7 |       6 |       1 |  14.3
            +---------+---------+-------+---------+---------+-------
        D:1 |      14 |       1 |   6.7 |       6 |       1 |  14.3
            +---------+---------+-------+---------+---------+-------
